[Event "*** Titled Tuesday Blitz"]
[Site "Chess.com"]
[Date "2020.05.19"]
[Round "4"]
[White "dennisodessa"]
[Black "Sesleria"]
[Result "1-0"]
[WhiteElo "2218"]
[BlackElo "1939"]
[TimeControl "180+1"]
[EndTime "12:38:42 PDT"]
[Termination "dennisodessa won by resignation"]

1. d4 d5 2. c4 c6 3. Nf3 Nf6 4. Nbd2 g6 5. e3 Bg7 6. Bd3 O-O 7. O-O Nbd7 8. b3 e5 9. dxe5 Ng4 10. Bb2 Ndxe5 11.
Nxe5 Nxe5 12. Be2 dxc4 13. Nxc4 Nxc4 14. Bxg7 Kxg7 15. Bxc4 Qxd1 16. Rfxd1 Bf5 17. Rd6 Rad8 18. Rad1 Rxd6 19. Rxd6 Re8 20. b4 Kf8 21. Rf6 Ke7 22. Rxf7+ Kd6 23. Rxb7 1-0

[Event "*** Titled Tuesday Blitz"]
[Site "Chess.com"]
[Date "2020.05.19"]
[Round "4"]
[White "OsorioFernando"]
[Black "poummba"]
[Result "0-1"]
[WhiteElo "2253"]
[BlackElo "2448"]
[TimeControl "180+1"]
[EndTime "12:38:44 PDT"]
[Termination "poummba won by resignation"]

1. e4 c5 2. Nc3 g6 3. g3 Bg7 4. Bg2 Nc6 5. d3 d6 6. Be3 Nf6 7. h3 Bd7 8. Qd2 Rb8 9. Nge2 b5 10. O-O b4 11. Nd1 O-O 12. Bh6 Bxh6 13. Qxh6 Nd4 14.
Qd2 a5 15. Nc1 Bxh3 16. c3 Bxg2 17. Kxg2 bxc3 18. bxc3 Nc6 19. Rh1 h5 20. Ne3 e6 21.
g4 Kg7 22. Ne2 Ne5 23. gxh5 Nxh5 24. f3 Qg5+ 25. Kf2 Rb2 26. f4 Nxf4 27. Nf5+ exf5 0-1

[Event "*** Titled Tuesday Blitz"]
[Site "Chess.com"]
[Date "2020.05.19"]
[Round "4"]
[White "SGchess01"]
[Black "kintoho"]
[Result "1-0"]
[WhiteElo "2725"]
[BlackElo "2439"]
[TimeControl "180+1"]
[EndTime "12:38:47 PDT"]
[Termination "SGchess01 won by resignation"]

1. Nf3 Nf6 2. g3 d5 3. Bg2 c6 4.
O-O Bf5 5. b3 e6 6. Bb2 Be7 7.
c4 O-O 8. d3 a5 9. a3 Nbd7 10.
Nbd2 Qb6 11. Ra2 Rfc8 12. Qa1 h6 13. Rc1 Qa6 14. Bd4 b5 15. cxb5 cxb5 16. Rac2 Rxc2 17. Rxc2 Rc8 18. Rxc8+ Qxc8 19. Qb2 Qc7 20. h3 Bf8 21. Ne5 Nxe5 22. Bxe5 Qc5 23. a4 bxa4 24. bxa4 Qb4 25. Qxb4 Bxb4 26. Nb3 Nd7 27. Bc7 Kf8 28. Nxa5 Bxa5 29.
Bxa5 Ke7 30. Bc7 Nc5 31. a5 Kd7 32. Bb6 Kc6 33. f4 Nb3 34. e4 Bh7 35. Kf2 f5 36. exd5+ exd5 37. Ke3 Bg8 38. d4 Be6 39. Bf1 Bc8 40.
Bd8 Kd7 41. Bb6 Kc6 42. Bd3 g6 43. Bc2 Na1 44. Ba4+ Kd6 45. Kd2 Ba6 46. Kc3 Bf1 47. h4 Bc4 48. Kb2 Bb5 49. Bxb5 1-0

[Event "*** Titled Tuesday Blitz"]
[Site "Chess.com"]
[Date "2020.05.19"]
[Round "4"]
[White "kasparicy"]
[Black "lucliasco"]
[Result "0-1"]
[WhiteElo "2408"]
[BlackElo "2658"]
[TimeControl "180+1"]
[EndTime "12:38:47 PDT"]
[Termination "lucliasco won by resignation"]

1. e4 e5 2. Nf3 Nc6 3. Bc4 Nf6 4. d3 Be7 5. c3 O-O 6. a4 d6 7. a5 a6 8. O-O Be6 9. Nbd2 d5 10. exd5 Bxd5 11. Re1 Bxc4 12. Nxc4 e4 13. dxe4 Qxd1 14. Rxd1 Nxe4 15. Bf4 Rac8 16. h3 Bc5 17. Be3 Rfe8 18. Rd5 Bxe3 19. Nxe3 g6 20. Rad1 Re7 21. Kf1 Nf6 22.
Rc5 Kg7 23. Nd4 Nxd4 24. Rxd4 c6 25. Nc4 Rce8 26. g3 Ne4 27. Rxe4 Rxe4 28. Nd6 Re1+ 29. Kg2 Rd8 30. Nc4 Re2 31. b4 Rd5 32. Rxd5 cxd5 33. Nb6 Rd2 34. Kf3 Rd3+ 35. Ke2 Rxc3 36. Nxd5 Rb3 37.
Kd2 Rb2+ 38. Ke3 f5 39. f4 h5 40. Kd4 Rg2 0-1

[Event "*** Titled Tuesday Blitz"]
[Site "Chess.com"]
[Date "2020.05.19"]
[Round "4"]
[White "Oleksandr_Bortnyk"]
[Black "Skatchkov_V"]
[Result "1-0"]
[WhiteElo "2981"]
[BlackElo "2544"]
[TimeControl "180+1"]
[EndTime "12:38:52 PDT"]
[Termination "Oleksandr_Bortnyk won on time"]

1. e4 e5 2. Bc4 Nf6 3. d3 c6 4.
Nf3 d5 5. Bb3 Bb4+ 6. Bd2 Bxd2+ 7.
Qxd2 Qd6 8. Nc3 O-O 9. h3 Nbd7 10. Qg5 h6 11. Qg3 dxe4 12. dxe4 Nc5 13. Rd1 Qc7 14. Qxe5 Qxe5 15. Nxe5 Ncxe4 16. Nxe4 Nxe4 17. Nxf7 Kh7 18. O-O Nc5 19. Nd6 Nxb3 20. axb3 Rb8 21. Rfe1 b6 22. Re7 1-0

[Event "*** Titled Tuesday Blitz"]
[Site "Chess.com"]
[Date "2020.05.19"]
[Round "4"]
[White "SaqoChess_Twitch"]
[Black "Nikolaj_6"]
[Result "1-0"]
[WhiteElo "2402"]
[BlackElo "2566"]
[TimeControl "180+1"]
[EndTime "12:38:52 PDT"]
[Termination "SaqoChess_Twitch won by resignation"]

1. d4 Nf6 2. c4 e6 3. Nc3 Bb4 4. a3 Bxc3+ 5. bxc3 c5 6. e3 O-O 7. Bd3 d5 8. cxd5 exd5 9. Ne2 b6 10. O-O Ba6 11. Ng3 Re8 12. f3 Bxd3 13. Qxd3 c4 14. Qc2 h5 15. Re1 h4 16. Nh1 Nc6 17. Nf2 Na5 18.
e4 Nb3 19. Rb1 dxe4 20. fxe4 Qd7 21. Bg5 Ng4 22. Bxh4 Nxf2 23. Qxf2 Qg4 24. h3 Qg6 25. e5 Qd3 26. Rbd1 Qxc3 27. Re3 Qa5 28. Rg3 Re6 29. Rf1 Rf8 30. Rxg7+ Kxg7 31. Bf6+ Rxf6 32. Qxf6+ Kh7 33.
Qh4+ Kg8 34. Qg5+ Kh7 35. Rf6 Qe1+ 36. Kh2 1-0

[Event "*** Titled Tuesday Blitz"]
[Site "Chess.com"]
[Date "2020.05.19"]
[Round "4"]
[White "CuattroPrincesses"]
[Black "Boudicca64"]
[Result "1-0"]
[WhiteElo "2251"]
[BlackElo "2011"]
[TimeControl "180+1"]
[EndTime "12:38:53 PDT"]
[Termination "CuattroPrincesses won on time"]

1. e4 c5 2. Nf3 e6 3. d4 cxd4 4. Nxd4 a6 5. Bd3 g6 6. O-O Bg7 7. Be3 Ne7 8. c4 O-O 9. Nc3 d5 10. exd5 exd5 11. c5 Nbc6 12. Nce2 Ne5 13. Rc1 Nxd3 14.
Qxd3 Nf5 15. Nxf5 Bxf5 16. Qd2 Qd7 17. Bd4 Rfe8 18. Bxg7 Kxg7 19. Nd4 Be6 20. b4 Qa4 21. Rfe1 Rac8 22. h3 Bd7 23. Qc3 Kg8 24. a3 1-0

[Event "*** Titled Tuesday Blitz"]
[Site "Chess.com"]
[Date "2020.05.19"]
[Round "4"]
[White "LizaSolovyova"]
[Black "ChEsper99"]
[Result "1-0"]
[WhiteElo "2549"]
[BlackElo "2047"]
[TimeControl "180+1"]
[EndTime "12:38:54 PDT"]
[Termination "LizaSolovyova won by resignation"]

1. d4 Nf6 2. Nc3 e6 3. e4 d5 4. Bg5 dxe4 5. f3 exf3 6. Nxf3 Be7 7. Bd3 b6 8. Qe2 Bb7 9. O-O-O Nbd7 10. h4 h6 11. Bf4 Bd6 12. Ne5 Qe7 13. Rhf1 O-O-O 14. Ba6 Nd5 15. Nc6 Qxh4 16. Bxd6 cxd6 17. Qc4 Ne3 18. Nxa7+ Kb8 19. Nc6+ Ka8 20. Qa4 Nb8 21. Bb5+ Ba6 22.
Bxa6 1-0

[Event "*** Titled Tuesday Blitz"]
[Site "Chess.com"]
[Date "2020.05.19"]
[Round "4"]
[White "DenishevM"]
[Black "Maghalashvili"]
[Result "0-1"]
[WhiteElo "2544"]
[BlackElo "2809"]
[TimeControl "180+1"]
[EndTime "12:38:55 PDT"]
[Termination "Maghalashvili won by resignation"]

1. d4 Nf6 2. Nf3 g6 3. c4 Bg7 4. Nc3 c5 5. d5 O-O 6. e4 e6 7. Be2 exd5 8. exd5 d6 9. O-O Bg4 10.
Bf4 Nh5 11. Be3 Nd7 12. Qd2 Re8 13. h3 Bxf3 14. Bxf3 Ne5 15. Be2 f5 16. Rae1 Nf6 17.
b3 Qa5 18. Nb5 Qd8 19. Bd3 a6 20. Nc3 Qa5 21. Bb1 b5 22. cxb5 axb5 23. Rc1 Nh5 24. Bh6 Bh8 25. Rfe1 Nf7 26. Be3 f4 27. Bxf4 Rxe1+ 28.
Qxe1 Nxf4 29. Qe3 Bxc3 0-1

[Event "*** Titled Tuesday Blitz"]
[Site "Chess.com"]
[Date "2020.05.19"]
[Round "4"]
[White "FontVella8"]
[Black "Efremov_Vlad"]
[Result "1-0"]
[WhiteElo "2553"]
[BlackElo "2153"]
[TimeControl "180+1"]
[EndTime "12:38:55 PDT"]
[Termination "FontVella8 won on time"]

1. e4 c5 2. Nf3 e6 3. d4 cxd4 4.
Nxd4 Nc6 5. Nc3 Qc7 6. Be3 a6 7. a3 Nf6 8. f4 d6 9. Qf3 Nxd4 10. Bxd4 e5 11. fxe5 dxe5 12. Qg3 Ng4 13. Nd5 Qxc2 14. Bd3 Qc6 15. Bxe5 Bc5 16. Rf1 O-O 17. Bc3 Bd6 18.
Qh4 Ne5 19. Bxe5 Bxe5 20. Ne7+ 1-0

[Event "*** Titled Tuesday Blitz"]
[Site "Chess.com"]
[Date "2020.05.19"]
[Round "4"]
[White "Camels1981"]
[Black "AnthonyWirig"]
[Result "1/2-1/2"]
[WhiteElo "2352"]
[BlackElo "2665"]
[TimeControl "180+1"]
[EndTime "12:38:58 PDT"]
[Termination "Game drawn by repetition"]

1. e4 c5 2. Nf3 e6 3. d4 cxd4 4. Nxd4 a6 5. Nc3 Qc7 6. Be3 Bb4 7. Qd3 Nf6 8. a3 Bxc3+ 9. bxc3 d6 10. Rd1 Nbd7 11.
Nb3 Ne5 12. Qxd6 Qxd6 13. Rxd6 Nxe4 14. Rd4 Nxc3 15. Bc4 b5 16. Bd3 Bb7 17. O-O Nxd3 18. Rxd3 Na4 19. Nc5 Nxc5 20. Bxc5 Bd5 21. Re1 O-O-O 22.
a4 bxa4 23. Rc3 Kd7 24. Ra1 Rb8 25. f3 Rhc8 26. Rxa4 Rb5 27. Bd4 Rxc3 28. Bxc3 Rc5 29. Bxg7 Rxc2 30. Rxa6 h5 31. Rb6 f5 32. Rb2 Rxb2 33. Bxb2 Ke7 34. Kf2 Kf7 35. Kg3 Kg6 36.
Kf4 Bc4 37. g3 Bd5 38. Bc3 Bc6 39. Bd4 Bd5 40. Bc3 Bc6 41. Bd4 Bd5 42. Bc3 1/2-1/2

[Event "*** Titled Tuesday Blitz"]
[Site "Chess.com"]
[Date "2020.05.19"]
[Round "4"]
[White "DishonorOnYourCow"]
[Black "Gennady_Kozlov"]
[Result "0-1"]
[WhiteElo "2337"]
[BlackElo "2581"]
[TimeControl "180+1"]
[EndTime "12:38:59 PDT"]
[Termination "Gennady_Kozlov won on time"]

1. d4 e6 2. c4 b6 3. Nf3 Bb7 4. g3 f5 5. Bg2 Nf6 6. O-O Be7 7.
Re1 O-O 8. Nc3 Ne4 9. Qc2 Nxc3 10. Qxc3 Bf6 11. b4 d6 12. Bb2 Qe7 13. Qb3 Nd7 14. a3 g5 15. Nd2 Bxg2 16. Kxg2 Qg7 17. e3 Rae8 18. Rad1 Kh8 19. f3 e5 20. d5 e4 21. Bxf6 Rxf6 22. fxe4 fxe4 23. Rf1 Ne5 24. Nxe4 Rxf1 25. Rxf1 Ng4 26. Qd3 Qe5 27. h3 Qxe4+ 28. Qxe4 Rxe4 29. hxg4 Kg7 30. Kf3 Rxc4 31. Ke2 Rc3 32.
a4 Rc4 33. Rb1 Kf6 34. Kd3 Rxg4 35. Rf1+ Kg6 0-1

[Event "*** Titled Tuesday Blitz"]
[Site "Chess.com"]
[Date "2020.05.19"]
[Round "4"]
[White "Pittiplatsh"]
[Black "Nara_Kh"]
[Result "1-0"]
[WhiteElo "2550"]
[BlackElo "2289"]
[TimeControl "180+1"]
[EndTime "12:39:00 PDT"]
[Termination "Pittiplatsh won by resignation"]

1. e4 c5 2. Nf3 d6 3. d4 Nf6 4. Nc3 cxd4 5. Nxd4 a6 6. Be3 e5 7. Nb3 Be6 8. f3 h5 9. Nd5 Bxd5 10. exd5 a5 11.
a4 Nbd7 12. Bb5 Be7 13. O-O O-O 14. c4 g6 15. Rc1 Nc5 16. Nxc5 dxc5 17. Bh6 Bd6 18.
Bxf8 Qxf8 19. Qd2 e4 20. fxe4 Nxe4 21. Qd3 f5 22. Rce1 Qg7 23. Rxe4 fxe4 24. Qxe4 Kh8 25. Be8 Qxb2 26. Qxg6 Qe5 27. Qh6+ 1-0

[Event "*** Titled Tuesday Blitz"]
[Site "Chess.com"]
[Date "2020.05.19"]
[Round "4"]
[White "L_lorenzo"]
[Black "TudorAnton"]
[Result "1-0"]
[WhiteElo "2027"]
[BlackElo "2486"]
[TimeControl "180+1"]
[EndTime "12:39:00 PDT"]
[Termination "L_lorenzo won by resignation"]

1. d4 Nf6 2. c4 e6 3. Nf3 Bb4+ 4.
Bd2 c5 5. a3 Bxd2+ 6. Nbxd2 cxd4 7. Nxd4 Nc6 8. Nc2 d5 9. cxd5 Nxd5 10. e4 Nf4 11.
Nc4 Qxd1+ 12. Rxd1 e5 13. Nd6+ Ke7 14. g3 Ne6 15.
Nf5+ Kf6 16. Bb5 g6 17. Nfe3 Ncd4 18. Nd5+ Kg7 19. Nxd4 Nxd4 20. Be2 Bh3 21. Rg1 Rac8 22. g4 Rc2 23. Rd2 Rc1+ 24. Rd1 Rhc8 25. Nc3 Rc2 26. Rd2 R2xc3 27. bxc3 Rxc3 28. Rg3 Nc2+ 29. Kd1 Rxg3 30. hxg3 Nxa3 31. Ra2 Nb1 32. Kc2 Bg2 33. f3 1-0

[Event "*** Titled Tuesday Blitz"]
[Site "Chess.com"]
[Date "2020.05.19"]
[Round "4"]
[White "Pudor"]
[Black "talaicito"]
[Result "1-0"]
[WhiteElo "2393"]
[BlackElo "2159"]
[TimeControl "180+1"]
[EndTime "12:39:01 PDT"]
[Termination "Pudor won on time"]

1. d4 e6 2. c4 f5 3. g3 Nf6 4.
Bg2 Be7 5. Nf3 d6 6. O-O O-O 7.
b3 a5 8. Bb2 Qe8 9. Nbd2 Ne4 10. Qc2 Nxd2 11. Nxd2 Nc6 12. a3 Bf6 13. e3 e5 14. d5 Ne7 15. c5 f4 16. cxd6 cxd6 17. Nc4 Ra6 18. exf4 exf4 19. Bxf6 Rxf6 20. Rfe1 Qf7 21.
Qe4 Ng6 22. Rac1 f3 23. Bf1 Bf5 24. Qe8+ Qxe8 25. Rxe8+ Rf8 26. Rxf8+ Kxf8 27. Ne3 1-0

[Event "*** Titled Tuesday Blitz"]
[Site "Chess.com"]
[Date "2020.05.19"]
[Round "4"]
[White "AlexTruskavetsky"]
[Black "Aygehovit1992"]
[Result "1-0"]
[WhiteElo "2443"]
[BlackElo "2681"]
[TimeControl "180+1"]
[EndTime "12:39:04 PDT"]
[Termination "AlexTruskavetsky won by resignation"]

1. d4 d6 2. Bf4 g6 3. Nf3 Bg7 4. e3 Nf6 5. h3 O-O 6. Nbd2 b6 7.
c3 Bb7 8. Be2 Nbd7 9. O-O e6 10.
a4 a5 11. Bh2 Qe7 12. Qb1 e5 13. b4 e4 14. Ne1 Nd5 15. Qb3 f5 16. bxa5 Rxa5 17.
Nc4 Ra7 18. a5 Kh8 19. Nc2 f4 20. axb6 Rxa1 21. Rxa1 cxb6 22. Ra7 f3 23. Rxb7 fxe2 24. Bxd6 Qe6 25. Bxf8 Nxf8 26. Nxb6 Nxe3 27. Qxe6 Nxc2 28. Qf7 e1=Q+ 29. Kh2 Bh6 30. Rb8 1-0

[Event "*** Titled Tuesday Blitz"]
[Site "Chess.com"]
[Date "2020.05.19"]
[Round "4"]
[White "Djager97"]
[Black "WonderChampion"]
[Result "1-0"]
[WhiteElo "2358"]
[BlackElo "1932"]
[TimeControl "180+1"]
[EndTime "12:39:04 PDT"]
[Termination "Djager97 won by resignation"]

1. e4 c5 2. Nf3 g6 3. d4 cxd4 4. Nxd4 Nc6 5. Nc3 Bg7 6. Nb3 Nf6 7. Be2 O-O 8. O-O d6 9. Bg5 Be6 10. Kh1 a6 11. f4 b5 12. Bf3 Rc8 13. Nd5 Bxd5 14.
exd5 Na7 15. c3 Qb6 16. Nd4 a5 17. Re1 Qb7 18. Nc6 Nxc6 19. dxc6 Qc7 20. a4 bxa4 21. Qxa4 Ra8 22. b4 Rfc8 23. b5 Rcb8 24. Rab1 Rb6 25.
Bh4 e6 26. Bf2 Rbb8 27. b6 Qe7 28. c7 Qd7 29. Qxd7 Nxd7 30. Bxa8 Rxa8 31. b7 Re8 32. c8=Q Rxc8 33. bxc8=Q+ 1-0

[Event "*** Titled Tuesday Blitz"]
[Site "Chess.com"]
[Date "2020.05.19"]
[Round "4"]
[White "Firegrizzly"]
[Black "Thee-Chessboy"]
[Result "0-1"]
[WhiteElo "2567"]
[BlackElo "2405"]
[TimeControl "180+1"]
[EndTime "12:39:05 PDT"]
[Termination "Thee-Chessboy won by resignation"]

1. d4 Nf6 2. Nf3 e6 3. Bg5 d5 4. Nbd2 Be7 5. e3 O-O 6. Bxf6 Bxf6 7. h4 c5 8. g4 cxd4 9. exd4 Nc6 10. c3 g6 11. g5 Bg7 12. Bd3 Re8 13. Qc2 e5 14.
dxe5 Nxe5 15. Nxe5 Rxe5+ 16. Kf1 Bg4 17. Nb3 Rc8 18. Kg2 Qb6 19. Rae1 d4 20. Rxe5 Bxe5 21.
f3 Be6 22. Re1 Bg7 23. c4 Qd6 24. c5 Qf4 25. Re4 Qc7 26. Bc4 Bf5 27. Bd5 Rd8 28. Qc4 Bxe4 29. Bxe4 d3 30. Bxd3 Bxb2 31. Be4 Qf4 32.
Qc2 Be5 33. Kf1 Qxh4 34. Bxb7 Qh1+ 35. Ke2 Bf4 36. Be4 Qg2+ 37. Ke1 Bg3+ 0-1

[Event "*** Titled Tuesday Blitz"]
[Site "Chess.com"]
[Date "2020.05.19"]
[Round "4"]
[White "DenLaz"]
[Black "wadsy27"]
[Result "1-0"]
[WhiteElo "2668"]
[BlackElo "2481"]
[TimeControl "180+1"]
[EndTime "12:39:06 PDT"]
[Termination "DenLaz won by resignation"]

1. d4 Nf6 2. c4 c5 3. d5 e6 4.
Nc3 exd5 5. cxd5 d6 6. e4 g6 7. Nf3 Bg7 8. Be2 a6 9. a4 Bg4 10. Be3 O-O 11. O-O Nbd7 12. Nd2 Bxe2 13. Qxe2 Qe7 14. Rae1 Ne8 15. Nc4 Nc7 16. a5 Nb5 17. Qd2 Nd4 18. Bg5 Bf6 19. Bxf6 Qxf6 20. f4 Rae8 21. e5 dxe5 22. fxe5 Qd8 23. Ne4 b5 24. axb6 Nxb6 25. Qh6 f5 26. Nf6+ Rxf6 27. exf6 1-0

[Event "*** Titled Tuesday Blitz"]
[Site "Chess.com"]
[Date "2020.05.19"]
[Round "4"]
[White "MF1966Idrisov"]
[Black "ValeriyGrinev"]
[Result "1/2-1/2"]
[WhiteElo "2340"]
[BlackElo "2549"]
[TimeControl "180+1"]
[EndTime "12:39:06 PDT"]
[Termination "Game drawn by agreement"]

1. Nf3 Nf6 2. b3 g6 3. Bb2 Bg7 4. c4 O-O 5. g3 d6 6. d4 c5 7. Bg2 cxd4 8. Nxd4 d5 9. cxd5 Nxd5 10. O-O Nb4 11. a3 N4c6 12. Nxc6 Nxc6 13. Bxg7 Kxg7 14.
Nc3 Be6 15. b4 Rc8 16. Ne4 Bd5 17. Rc1 a6 18. Nc5 Bxg2 19. Kxg2 Nd4 20. e3 Nb5 21. Qxd8 Rfxd8 22. Nxb7 Rxc1 23. Rxc1 Rb8 24. Nc5 Nxa3 25. Nxa6 Rb6 26. Nc7 Rxb4 27. Nd5 Rb7 28. Rc7 Rxc7 29. Nxc7 Nc4 1/2-1/2

[Event "*** Titled Tuesday Blitz"]
[Site "Chess.com"]
[Date "2020.05.19"]
[Round "4"]
[White "IljaJoke"]
[Black "Tapuah"]
[Result "0-1"]
[WhiteElo "2533"]
[BlackElo "2790"]
[TimeControl "180+1"]
[EndTime "12:39:09 PDT"]
[Termination "Tapuah won by resignation"]

1. d4 Nf6 2. c4 g6 3. Nc3 Bg7 4. e4 d6 5. Be2 O-O 6. Be3 c5 7. d5 e6 8. Nf3 Re8 9. Nd2 Na6 10. O-O Nc7 11. a4 b6 12. Bg5 h6 13.
Bh4 Rb8 14. Ra3 a6 15. f4 exd5 16. cxd5 b5 17. axb5 axb5 18. e5 dxe5 19. Nce4 exf4 20. d6 Ncd5 21. Bf3 g5 22. Bf2 g4 23. Nxf6+ Nxf6 24. Bc6 Bd7 25. Bxd7 Qxd7 26. Bxc5 Nd5 27. Ra7 Qe6 28.
b4 Rbd8 29. Nb3 Ne3 30. Qd3 Nxf1 0-1

[Event "*** Titled Tuesday Blitz"]
[Site "Chess.com"]
[Date "2020.05.19"]
[Round "4"]
[White "robertofabregas"]
[Black "sopo-tereladze"]
[Result "0-1"]
[WhiteElo "2116"]
[BlackElo "2335"]
[TimeControl "180+1"]
[EndTime "12:39:09 PDT"]
[Termination "sopo-tereladze won by checkmate"]

1. d4 Nf6 2. Bf4 e6 3. e3 b6 4. Nf3 Bb7 5. c3 d5 6. Nbd2 Bd6 7. Bg3 Nbd7 8. Be2 Qe7 9. a4 e5 10. dxe5 Nxe5 11. a5 O-O 12. Nxe5 Bxe5 13. Nf3 Bxg3 14. hxg3 c5 15. O-O Ne4 16. Nd2 f5 17. Bf3 Rf6 18.
g4 fxg4 19. Nxe4 dxe4 20. Bxg4 Rd8 21. Qb3+ Bd5 22. c4 Be6 23. Bxe6+ Rxe6 24. axb6 axb6 25. Rad1 Rf8 26. Rd5 Rh6 27. Rfd1 Qh4 28. Kf1 Qxf2# 0-1

[Event "*** Titled Tuesday Blitz"]
[Site "Chess.com"]
[Date "2020.05.19"]
[Round "4"]
[White "Justinz"]
[Black "Kaliopa"]
[Result "1-0"]
[WhiteElo "2325"]
[BlackElo "2104"]
[TimeControl "180+1"]
[EndTime "12:39:09 PDT"]
[Termination "Justinz won on time"]

1. e4 c5 2. Nf3 d6 3. d4 cxd4 4. Nxd4 Nf6 5. Nc3 a6 6. Rg1 b5 7.
g4 Bb7 8. Bg2 e6 9. g5 Nfd7 10.
Be3 Nc6 11. Qh5 Nxd4 12. Bxd4 b4 13. Ne2 e5 14. Be3 Rc8 15. O-O-O Qc7 16. Rd2 Qc4 17. Kb1 Bxe4 18. Bxe4 Qxe4 19. Ng3 Qg6 20. Qe2 Be7 21.
f4 exf4 22. Bxf4 Qe6 23. Qf2 O-O 24. Re2 Ne5 25. Rge1 Qc4 26. Nf5 Rfe8 27. Bxe5 dxe5 28. Rxe5 Bf8 29. Rxe8 Rxe8 30. Rxe8 1-0

[Event "*** Titled Tuesday Blitz"]
[Site "Chess.com"]
[Date "2020.05.19"]
[Round "4"]
[White "Szczor"]
[Black "BogdanDeac"]
[Result "0-1"]
[WhiteElo "2633"]
[BlackElo "2985"]
[TimeControl "180+1"]
[EndTime "12:39:12 PDT"]
[Termination "BogdanDeac won by resignation"]

1. e4 c5 2. Nf3 a6 3. c4 e6 4. Nc3 Qc7 5. d4 cxd4 6. Nxd4 Nf6 7. f3 Bb4 8. Be3 O-O 9. Qb3 Bc5 10. Rd1 d6 11.
Be2 Nc6 12. Nc2 Na5 13. Bxc5 Nxb3 14. Bxd6 Qb6 15. Bxf8 Kxf8 16. axb3 Qxb3 17. Na3 Qxb2 18. Nab1 Qb6 19. e5 Nd7 20. f4 Nc5 21. Rd6 Qa7 22. Kd2 Bd7 23. Kc1 Bc6 24. Rhd1 Ne4 25. Nxe4 Qe3+ 26.
Ned2 Qxe2 27. Nc3 Qe3 28. Kb2 Qxf4 29. Rf1 Qxe5 0-1

[Event "*** Titled Tuesday Blitz"]
[Site "Chess.com"]
[Date "2020.05.19"]
[Round "4"]
[White "zajka-molotok"]
[Black "Patolindo"]
[Result "1-0"]
[WhiteElo "2330"]
[BlackElo "2112"]
[TimeControl "180+1"]
[EndTime "12:39:15 PDT"]
[Termination "zajka-molotok won by resignation"]

1. e4 c5 2. c3 Nf6 3. e5 Nd5 4. Nf3 e6 5. Bc4 d6 6. d4 dxe5 7. dxe5 Nc6 8. O-O Be7 9. Qe2 Nb6 10. Bd3 Qc7 11. Nbd2 Bd7 12. a4 a6 13. a5 Nd5 14.
Nc4 Rg8 15. Be4 g5 16. Bxd5 exd5 17. Nb6 Rd8 18. Nxd5 Qb8 19. Nxe7 Nxe7 20. Nxg5 Bc6 21. Qh5 Qxe5 22. Qxf7+ Kd7 23. Bf4 Rxg5 24. Rad1+ Kc8 25. Rxd8+ Kxd8 26. Rd1+ Kc8 27. Qf8+ 1-0

[Event "*** Titled Tuesday Blitz"]
[Site "Chess.com"]
[Date "2020.05.19"]
[Round "4"]
[White "NotFischer"]
[Black "Jadeit90"]
[Result "0-1"]
[WhiteElo "2101"]
[BlackElo "2320"]
[TimeControl "180+1"]
[EndTime "12:39:15 PDT"]
[Termination "Jadeit90 won on time"]

1. e4 g6 2. d4 Bg7 3. Nc3 c5 4. d5 d6 5. Nf3 Nf6 6. Bc4 O-O 7.
O-O Na6 8. h3 Nc7 9. a4 Rb8 10.
Bg5 a6 11. a5 b5 12. axb6 Rxb6 13. b3 Nb5 14. Na4 Rb8 15. Re1 h6 16. Be3 Nd7 17. Ra2 Nb6 18. Qc1 Kh7 19. Bf4 Nxa4 20. Rxa4 Qb6 21. e5 Bb7 22. exd6 exd6 23. Re7 Nc3 24.
Rxb7 Qxb7 25. Rxa6 Ra8 26. Rxd6 Ne2+ 27. Bxe2 Ra1 28.
Qxa1 Bxa1 29. Bc4 Bg7 30. Rc6 Rc8 31. Ra6 Qd7 32. Ne5 Qf5 0-1

[Event "*** Titled Tuesday Blitz"]
[Site "Chess.com"]
[Date "2020.05.19"]
[Round "4"]
[White "Papa12341234"]
[Black "JoachimMouhamad"]
[Result "1-0"]
[WhiteElo "2545"]
[BlackElo "2312"]
[TimeControl "180+1"]
[EndTime "12:39:16 PDT"]
[Termination "Papa12341234 won by resignation"]

1. e4 c5 2. Nc3 Nc6 3. Nf3 g6 4. Bb5 Nd4 5. Ba4 Bg7 6. O-O e6 7. Nxd4 cxd4 8. Nb5 Qb6 9. c3 Ne7 10. Nxd4 Bxd4 11. cxd4 Qxd4 12. Bc2 Nc6 13. d3 O-O 14. Rb1 Qg7 15. Be3 Nd4 16. Qd2 Re8 17. Bd1 d6 18. Rc1 Bd7 19. f4 f5 20. Qf2 Nc6 21. Bf3 Rac8 22. a3 b6 23. b4 Ne7 24. Bd4 e5 25. Bb2 Nc6 26. exf5 gxf5 27. Bd5+ Kh8 28. fxe5 Nxe5 29.
Rce1 Bc6 30. Bxc6 Rxc6 31. d4 Ng4 32. Rxe8+ 1-0

[Event "*** Titled Tuesday Blitz"]
[Site "Chess.com"]
[Date "2020.05.19"]
[Round "4"]
[White "GM4life"]
[Black "Kotofeyca"]
[Result "1-0"]
[WhiteElo "2205"]
[BlackElo "2422"]
[TimeControl "180+1"]
[EndTime "12:39:16 PDT"]
[Termination "GM4life won by resignation"]

1. e4 c5 2. Nf3 d6 3. d4 cxd4 4. Nxd4 Nf6 5. Nc3 a6 6. Be3 Ng4 7. Bg5 Nc6 8. Be2 Qb6 9. Bxg4 Qxd4 10. O-O Qxd1 11. Bxd1 e6 12. Be2 Be7 13. Bf4 b5 14. Rad1 Ne5 15. Bg3 Bb7 16. f4 Nc4 17. Bxc4 bxc4 18. f5 e5 19. Rd2 Rb8 20. Rfd1 Bc6 21. b3 cxb3 22. axb3 Rb4 23. Re2 O-O 24. Nd5 Bxd5 25.
Rxd5 Rc8 26. Be1 Rc6 27. Bxb4 Kf8 28. Red2 Ke8 29. Bxd6 g6 30. Bxe7 Kxe7 31. Rd7+ Kf6 32. R2d6+ 1-0

[Event "*** Titled Tuesday Blitz"]
[Site "Chess.com"]
[Date "2020.05.19"]
[Round "4"]
[White "RobPeresian"]
[Black "sommerpower"]
[Result "0-1"]
[WhiteElo "2282"]
[BlackElo "2460"]
[TimeControl "180+1"]
[EndTime "12:39:20 PDT"]
[Termination "sommerpower won by resignation"]

1. Nf3 d5 2. d4 e6 3. c4 dxc4 4.
Nc3 c6 5. g3 b5 6. Bg2 Nd7 7. O-O Bb7 8. a4 a6 9. e4 Ngf6 10. e5 Nd5 11. Ne4 h6 12. h4 Qb6 13.
Be3 c5 14. dxc5 Nxe3 15. fxe3 Nxc5 16. a5 Qd8 17. Nd6+ Bxd6 18. exd6 O-O 19. Qd4 Nb3 20. Qg4 Nxa1 21. Rxa1 Qxd6 22. Nd4 Bxg2 23. Kxg2 Rad8 24. Rf1 b4 25. Kh2 c3 26. bxc3 bxc3 27. Rf6 Kh8 28. Qh5 gxf6 29. Qxh6+ Kg8 30. Qxf6 e5 31. Qg5+ Qg6 32.
Qxe5 Rfe8 33. Qf4 Rxd4 0-1

[Event "*** Titled Tuesday Blitz"]
[Site "Chess.com"]
[Date "2020.05.19"]
[Round "4"]
[White "EfM13"]
[Black "CroissantNeuf"]
[Result "1/2-1/2"]
[WhiteElo "2243"]
[BlackElo "2353"]
[TimeControl "180+1"]
[EndTime "12:39:21 PDT"]
[Termination "Game drawn by repetition"]

1. e4 c6 2. d4 d5 3. Nd2 dxe4 4. Nxe4 Nf6 5. Nxf6+ exf6 6. Nf3 Bd6 7. Bd3 O-O 8.
O-O Re8 9. h3 Nd7 10. c3 Nf8 11. Nh4 g6 12. Bh6 f5 13. Nf3 Ne6 14. Qd2 f4 15. Rfe1 Bd7 16. Ne5 Bxe5 17. Rxe5 Qh4 18. Rxe6 Bxe6 19. Bxf4 Qd8 20. b3 Bd5 21. Bg5 f6 22.
Bh4 Kg7 23. Rd1 Qd6 24. Bg3 Qd7 25. Qf4 Re7 26. h4 Rae8 27. c4 Re1+ 28. Rxe1 Rxe1+ 29. Kh2 Be6 30. f3 Rd1 31. Qe3 Bf5 32. Bxf5 gxf5 33. Bf2 Qd6+ 34. Bg3 Qd7 35. Bf2 Qd6+ 36. Bg3 Qd7 1/2-1/2

[Event "*** Titled Tuesday Blitz"]
[Site "Chess.com"]
[Date "2020.05.19"]
[Round "4"]
[White "ahappypawn"]
[Black "dosto07"]
[Result "1-0"]
[WhiteElo "2325"]
[BlackElo "2070"]
[TimeControl "180+1"]
[EndTime "12:39:21 PDT"]
[Termination "ahappypawn won by resignation"]

1. c4 e5 2. Nc3 Nf6 3. Nf3 Nc6 4. g3 d5 5. cxd5 Nxd5 6. Bg2 Nb6 7. O-O Be7 8. a3 O-O 9. b4 Re8 10. d3 Bf8 11.
Bb2 Bg4 12. h3 Bh5 13. Rc1 Qd7 14. Kh2 a5 15. g4 Bg6 16. b5 Nd4 17. a4 h5 18. Nh4 hxg4 19. Nxg6 fxg6 20. Bxb7 Rab8 21. Be4 gxh3 22. e3 Bd6 23. Bxg6 e4+ 24. Kh1 Nf3 25.
Nxe4 Qf5 26. Bxf5 1-0